 Dungeon Crawl Stone Soup version 0.31-a0-1074-g0b22e4e0f1 (webtiles) character file.

Game seed: 12008851022907700075

4673 IdlyInterested the Mimic (level 10, -3/74 HPs)
             Began as a Demonspawn Shapeshifter on Dec 7, 2023.
             Slain by a manticore (10 damage)
             ... on level 9 of the Dungeon.
             The game lasted 00:32:36 (8346 turns).

IdlyInterested the Mimic (Demonspawn Shapeshifter)  Turns: 8346, Time: 00:32:36

Health: -3/74      AC: 10    Str: 23    XL:     10   Next: 21%
Magic:  10/10      EV: 13    Int: 11    God:
Gold:   549        SH:  5    Dex: 15    Spells: 9/9 levels left

rFire   . .          .
                       - Unarmed
rCold   . . .        (no shield)
rNeg    + . .        S - +3 ring mail
rPois   .            (helmet currently unavailable)
rElec   .            (cloak currently unavailable)
rCorr   .            (gloves currently unavailable)
SInv    .            (boots currently unavailable)
Will    .....        U - amulet of reflection
Stlth   ++           D - ring of positive energy
HPRegen 0.32/turn    G - +6 ring of strength
MPRegen 0.12/turn

%: reflection
@: mighty, beast-form, spiked, studying Unarmed Combat
A: beast (slay +4), hooves 2, demonic guardian 2, foul stench 1, weakness
stinger 1, demonic touch 1, horns 2, iridescent scales 1, sturdy frame 1
a: Begin Untransformation


You were on level 9 of the Dungeon.
You were a hulking beast.
You visited 2 branches of the dungeon, and saw 10 of its levels.
You also visited: Sewer.

You collected 621 gold pieces.
You spent 72 gold pieces at shops.

Inventory:

Hand Weapons
 s - a +0 dagger of speed
Missiles
 l - 115 stones (quivered)
 o - 26 poisoned darts
 y - 2 curare-tipped darts
 H - 11 boomerangs
 K - 5 javelins
 W - 4 atropa-tipped darts
Armour
 u - the +0 leather armour "Raachi" {rC++ MP+9 SInv}
   (You found it in a sewer)

   rC++:      It greatly protects you from cold.
   MP+9:      It affects your magic capacity (+9).
   SInv:      It lets you see invisible.
 E - a +1 leather armour of fire resistance
 S - a +3 ring mail (worn)
Jewellery
 f - a ring of wizardry
 x - a +6 ring of intelligence
 z - a ring of fire
 D - a ring of positive energy (left hand)
 G - a +6 ring of strength (right hand)
 M - a ring of wizardry
 T - an amulet of faith
 U - an amulet of reflection (around neck)
Talismans
 a - a blade talisman
 c - a beast talisman
 d - a flux talisman
 i - a dragon-blood talisman
 V - a serpent talisman
Wands
 b - a wand of iceblast (12)
 h - a wand of light (29)
 B - a wand of flame (15)
 L - a wand of mindburst (18)
 N - a wand of paralysis (39)
Scrolls
 e - 2 scrolls of enchant armour
 g - a scroll of immolation
 j - 4 scrolls of teleportation
 m - a scroll of blinking
 n - 9 scrolls of fog
 p - 2 scrolls of torment
 q - 2 scrolls of amnesia
 t - a scroll of poison
 w - 2 scrolls of vulnerability
 A - 4 scrolls of fear
 F - a scroll of brand weapon
 J - a scroll of identify
 O - 3 scrolls of enchant weapon
 X - a scroll of noise
Potions
 k - 7 potions of curing
 r - a potion of invisibility
 v - 2 potions of mutation
 I - a potion of enlightenment
 P - a potion of brilliance
 Q - a potion of resistance
 R - a potion of lignification
 Y - a potion of haste
 Z - a potion of cancellation


   Skills:
 + Level 5.4 Fighting
 + Level 1.9 Throwing
 - Level 3.0 Armour
 - Level 4.0 Dodging
 - Level 4.0 Stealth
 - Level 6.0 Unarmed Combat
 - Level 1.0 Evocations
 * Level 9.4 Shapeshifting


You had 9 spell levels left.
You didn't know any spells.
Your spell library contained the following spells:

 Spells                   Type           Power      Damage    Failure   Level
 Frozen Ramparts          Ice            0%         1d1       78%         3
 Petrify                  Tmut/Erth      0%         N/A       99%         4
 Metabolic Englaciation   Hex/Ice        0%         N/A       100%        5


Dungeon Overview and Level Annotations

Branches:
Dungeon (9/15)             Temple (1/1) D:5           Sewer (visited)
   Lair: D:8-11         Orc: D:9-12

Altars:
Ashenzari
Cheibriados
Dithmenos
Gozag
Hepliaklqana
Kikubaaqudgha
Makhleb
Nemelex Xobeh
Okawaru
Qazlal
Sif Muna
Trog
Uskayaw
Vehumet
Wu Jian
Xom
Yredelemnul

Shops:
D:5 ?


Innate Abilities, Weirdness & Mutations

You are a hulking beast.
Your limbs bulge with bestial killing power. (Slay +4)
You have hoof-like feet.
A demonic guardian rushes to your aid.
You may rarely emit foul miasma when damaged in melee.
You have a small tail.
Your touch may inflict minor irresistible damage on your foes.
You have a pair of horns on your head.
You are partially covered in iridescent scales. (AC +2)
Your movements are slightly less encumbered by armour. (ER -2)


Message History

The water moccasin bites you.
You are poisoned.
The water moccasin poisons you! The troll bites you but does no damage.
The troll closely misses you. The troll claws you.
You closely miss the troll.
You tail-slap the troll, but do no damage.
The troll is lightly wounded.
You feel very sick. The water moccasin bites you!
You punch the troll! You kick the troll!
You tail-slap the troll, but do no damage.
Your touch misses the troll.
The troll is severely wounded.
You feel very sick. You block the troll's attack. The troll claws you!
The troll claws you but does no damage.
The manticore flicks its tail.
The volley of spikes hits you!
The barbed spikes become lodged in your body.
* * * LOW HITPOINT WARNING * * *
The ogre mage casts a spell.
The ogre mage flickers and vanishes!
Deactivating autopickup; reactivate with Ctrl-A.
The water moccasin bites you but does no damage.
You feel very mighty all of a sudden.
You feel sick.
The water moccasin bites you but does no damage.
The troll closely misses you. The troll claws you!
* * * LOW HITPOINT WARNING * * *
A demonic guardian appears!
You block the troll's attack.
The water moccasin completely misses you.
You feel better. The troll bites you!
* * * LOW HITPOINT WARNING * * *
You block the troll's attack. The troll barely misses you.
The water moccasin closely misses you.
You hit the troll. Your kick misses the troll. You headbutt the troll!
You kill the troll!
The water moccasin completely misses you.
You block the manticore's attack. The manticore claws you!
You die...

.. ###'### #.....# .
#.....#.. '..8..'..
#{...?# #FSs..#
#######hH...#
#......4....#
#......####.##+#########
#......# ...>.......##
+......# #.........##
#......######...........
#......'....+..........#
#......######..........#
#......# #.........##


You could see a manticore, a culicivora, a water moccasin, a bullfrog and a
friendly rust devil (summoned).

Vanquished Creatures
  Pikel (D:6)
  Jeremiah (D:6)
  A troll (D:9)
  Prince Ribbit (D:6)
  2 steam dragons
  4 water moccasins
  2 orc warriors
  A black bear (D:7)
  A sky beast (D:7)
  An ogre (D:6)
  6 kobold brigands
  3 phantoms
  2 gnoll sergeants
  2 scorpions
  2 bullfrogs
  2 howler monkeys (D:9)
  6 hounds
  5 jellies
  6 orc priests
  A sleepcap (D:6)
  6 iguanas
  3 orc wizards
  12 adders
  12 gnolls
  A river rat (D:3)
  2 shadow imps (D:7)
  3 white imps
  2 ufetubi (D:5)
  4 worms
  6 dart slugs
  23 orcs
  6 ball pythons
  11 bats
  7 endoplasms
  8 giant cockroaches
  8 goblins
  8 hobgoblins
  7 jackals
  6 quokkas
  7 frilled lizards
  20 kobolds
  6 rats
218 creatures vanquished.

Vanquished Creatures (collateral kills)
  Menkaure (D:4)
  An orc warrior (D:6)
  A howler monkey (D:9)
  An iguana (D:4)
  2 orc wizards
  3 gnolls
  5 orcs
  An endoplasm (D:3)
  A giant cockroach (D:3)
  A goblin (D:3)
  2 hobgoblins
  A quokka (D:3)
  A frilled lizard (D:1)
  3 kobolds (D:8)
24 creatures vanquished.

Vanquished Creatures (others)
  An orc wizard (D:6)
  2 adders (D:4)
  4 orcs (D:6)
  A ball python (D:4)
  A goblin (D:4)
9 creatures vanquished.

Grand Total: 251 creatures vanquished

Notes
Turn   | Place    | Note
-------+----------+-------------------------------------------
     0 | D:1      | IdlyInterested the Demonspawn Shapeshifter began the quest
                  | for the Orb.
     0 | D:1      | Reached XP level 1. HP: 15/15 MP: 1/1
   152 | D:1      | Gained mutation: A weak demonic guardian rushes to your
                  | aid. [demonic ancestry]
   152 | D:1      | Reached XP level 2. HP: 18/21 MP: 2/2
   155 | D:1      | Reached skill level 1 in Evocations
   306 | D:1      | Reached skill level 3 in Shapeshifting
   835 | D:1      | Reached skill level 1 in Stealth
   866 | D:1      | Gained mutation: A demonic guardian rushes to your aid.
                  | [demonic ancestry]
   866 | D:1      | Reached XP level 3. HP: 26/26 MP: 3/3
  1207 | D:2      | Reached skill level 1 in Armour
  1694 | D:3      | Gained mutation: You may rarely emit foul miasma when
                  | damaged in melee. [demonic ancestry]
  1694 | D:3      | Reached XP level 4. HP: 32/32 MP: 4/4
  1707 | D:3      | Reached skill level 1 in Throwing
  1725 | D:3      | Reached XP level 5. HP: 9/38 MP: 5/5
  1736 | D:3      | Found a hazy altar of Hepliaklqana.
  1842 | D:3      | Found a basalt altar of Yredelemnul.
  1917 | D:3      | Found a glowing drain.
  1921 | Sewer    | Entered a sewer
  2038 | Sewer    | Reached skill level 4 in Shapeshifting
  2039 | Sewer    | Discovered your monstrous ancestry.
  2039 | Sewer    | Gained mutation: Your touch may inflict minor irresistible
                  | damage on your foes. [demonic ancestry]
  2039 | Sewer    | Reached XP level 6. HP: 22/46 MP: 6/6
  2264 | Sewer    | Identified the +0 leather armour "Raachi" {rC++ MP+9 SInv}
  3001 | D:4      | Noticed Menkaure
  3007 | D:4      | Killed Menkaure
  3008 | D:4      | Reached skill level 5 in Shapeshifting
  3008 | D:4      | Gained mutation: You have large cloven feet. [demonic
                  | ancestry]
  3008 | D:4      | Reached XP level 7. HP: 5/52 MP: 7/7
  3314 | D:4      | Found a shimmering altar of Xom.
  3742 | D:4      | Reached skill level 6 in Shapeshifting
  3754 | D:4      | Gained mutation: You have hoof-like feet. [demonic
                  | ancestry]
  3754 | D:4      | Reached XP level 8. HP: 39/58 MP: 8/8
  4076 | D:4      | Gained mutation: You have hidden genetic potential. [potion
                  | of mutation]
  4076 | D:4      | Gained mutation: You have a pair of small horns on your
                  | head. [potion of mutation]
  4076 | D:4      | Gained mutation: You have a pair of horns on your head.
                  | [potion of mutation]
  4081 | D:5      | Entered Level 5 of the Dungeon
  4081 | D:5      | Found Iseim's Magic Scroll Shop.
  4096 | D:5      | Bought a scroll of poison for 48 gold pieces
  4096 | D:5      | Bought a scroll of identify for 24 gold pieces
  4357 | D:5      | Found a staircase to the Ecumenical Temple.
  4367 | Temple   | Entered the Ecumenical Temple
  4799 | D:6      | Reached skill level 7 in Shapeshifting
  4940 | D:6      | Identified a scroll of acquirement
  5242 | D:6      | Gained mutation: You have a small tail. [demonic ancestry]
  5242 | D:6      | Reached XP level 9. HP: 42/65 MP: 9/9
  5252 | D:6      | Gained mutation: Your movements are slightly less
                  | encumbered by armour. (ER -2) [hidden potential]
  5424 | D:6      | Noticed Prince Ribbit
  5436 | D:6      | Killed Prince Ribbit
  5437 | D:6      | Reached skill level 5 in Unarmed Combat
  5611 | D:6      | Noticed Pikel
  5623 | D:6      | Killed Pikel
  5624 | D:6      | Reached skill level 8 in Shapeshifting
  5640 | D:6      | Noticed Jeremiah
  5656 | D:6      | Killed Jeremiah
  5657 | D:6      | Reached skill level 5 in Fighting
  6025 | D:6      | Acquired a manual of Unarmed Combat
  6728 | D:7      | Reached skill level 9 in Shapeshifting
  7047 | D:8      | Reached XP level 10. HP: 58/74 MP: 10/10
  7190 | D:8      | Gained mutation: You are partially covered in iridescent
                  | scales. (AC +2) [hidden potential]
  7190 | D:8      | Lost mutation: You have hidden genetic potential. [hidden
                  | potential expressed]
  8338 | D:9      | Noticed a manticore
  8340 | D:9      | Noticed an ogre mage
  8346 | D:9      | Slain by a manticore

Illustrated notes

Levels and vault maps discovered:
D:1:      kennysheep_arrival_forest, layout_basic, minmay_misc_feat_ornament,
          wander_ebering_terrifying_dragon_lair
D:2:      layout_loops_ring
D:3:      layout_basic, mainiacjoe_overflow_alcove_1, yredelemnul_altar_generic,
          mainiacjoe_sewer_entry_somewhere_in_here_2
D:4:      layout_rooms, xom_confusion_cloud, serial_corexii_hall,
          corexii_hall_statues_l, chequers_hall_statues_corner_a,
          minmay_joined_circles, uniq_menkaure
D:5:      layout_basic, temple_fountains, serial_shops, shop
D:6:      layout_rooms, uniq_prince_ribbit1, uniq_pikel, uniq_jeremiah
D:7:      layout_gridville
D:8:      layout_rooms, nicolae_wand_duel
D:9:      layout_roguey, erik_lair_orcish_takeover, minmay_three_doors
Temple:   minmay_crystal_spiral_temple

Skill      XL: |  1  2  3  4  5  6  7  8  9 10 |
---------------+-------------------------------+-----
Evocations     | 1 |  1.0
Shapeshifting  | 3 4 5 6 7 9 |  9.4
Stealth        | 1 3 4 |  4.0
Unarmed Combat | 3 4 6 |  6.0
Armour         | 1 2 3 |  3.0
Fighting       | 2 3 4 5 |  5.4
Throwing       | 1 |  1.9
Dodging        | 2 3 4 |  4.0

Action                     |  1- 3 |  4- 6 |  7- 9 | 10-12 || total
---------------------------+-------+-------+-------+-------++-------
  Melee: Unarmed           |   155 |   163 |   222 |    65 ||   605
         Punch             |     1 |     3 |     7 |     1 ||    12
         Touch             |       |     7 |    46 |     8 ||    61
         Kick              |       |       |    79 |    18 ||    97
         Headbutt          |       |       |    31 |     9 ||    40
         Tailslap          |       |       |     9 |    12 ||    21
  Throw: Stone             |       |     2 |    21 |       ||    23
         Dart              |       |       |     4 |       ||     4
    Use: Scroll            |     6 |     1 |     6 |     2 ||    15
         Potion            |     2 |     1 |    10 |     2 ||    15
   Stab: Sleeping          |       |       |     5 |     1 ||     6
         Distracted        |       |       |     1 |     1 ||     2
 Armour: Ring mail         |    96 |    99 |       |    64 ||   259
         Animal skin       |     4 |       |       |       ||     4
         Skin              |       |    13 |       |       ||    13
         Leather armour    |       |     2 |    99 |    10 ||   111
  Dodge: Dodged            |    93 |    92 |   130 |    58 ||   373
  Block: Other             |       |       |       |    18 ||    18

Table legend: (Time is in decaauts)
 A = Elapsed time spent in this place.
 B = Non-inter-level travel time spent in this place.
 C = Inter-level travel time spent in this place.
 D = Time resting spent in this place.
 E = Time spent auto-exploring this place.
 F = Levels seen in this place.
 G = Mean time per level.
                   A        B        C        D        E       F      G
               +--------+--------+--------+--------+--------+-----+--------+
         Total |   8335 |   7765 |    570 |   1593 |   3922 |  11 |  757.7 |
       Dungeon |   7789 |   7219 |    570 |   1377 |   3827 |   9 |  865.4 |
        Temple |      1 |      1 |      0 |      0 |      0 |   1 |    1.0 |
         Sewer |    544 |    544 |      0 |    216 |     95 |   1 |  544.0 |
               +--------+--------+--------+--------+--------+-----+--------+

Top non-repeatable levels by time:
     D:6: 1247 daAuts
     D:4: 1072 daAuts
     D:7: 1053 daAuts
     D:1: 898 daAuts
     D:8: 887 daAuts
     D:3: 850 daAuts
     D:2: 725 daAuts
     D:5: 701 daAuts
   Sewer: 544 daAuts
     D:9: 352 daAuts
  Temple: 1 daAuts
